 Dungeon Crawl Stone Soup version 0.28.0-47-ge53b351184 (webtiles) character file.

Game seed: 4498822542120742308

47 101zpm the Magician (level 3, -1/25 HPs)
             Began as a Djinni Fire Elementalist on May 7, 2022.
             Slain by an orc
             ... wielding a +0 flail
              (9 damage)
             ... on level 3 of the Dungeon.
             The game lasted 00:02:30 (1427 turns).

101zpm the Magician (Djinni Fire Elementalist)      Turns: 1427, Time: 00:02:30

Health: -1/25      AC:  2    Str:  7    XL:     3   Next: 97%
Gold:   31         EV: 12    Int: 18    God:
                   SH:  0    Dex: 13

rFire   + + .      SeeInvis .   (no weapon)
rCold   x . .      Faith    .   (no shield)
rNeg    . . .      Spirit   .   a - +0 robe
rPois   ∞          Reflect  .   (no helmet)
rElec   .          Harm     .   (no cloak)
rCorr   .          Rampage  .   (no gloves)
Will    .....                   (boots unavailable)
Stlth   ++........              (no amulet)
HPRegen 0.08/turn               (no ring)
MPRegen 0.00/turn               (no ring)

@: flying
A: sickness immunity, fire resistance 2, cold vulnerability 1, float, innate
caster, HP casting, extra vitality 1
a: no special abilities


You were on level 3 of the Dungeon.
You visited 1 branch of the dungeon, and saw 3 of its levels.

You collected 31 gold pieces.

Inventory:

Armour
 a - a +0 robe (worn)
Scrolls
 d - 2 scrolls of silence {unknown}
Potions
 b - a potion of curing {unknown}
 c - a potion of degeneration {unknown}
 e - a potion of flight {unknown}


   Skills:
 + Level 2.5 Dodging
 + Level 1.9 Stealth
 + Level 3.3 Spellcasting


You couldn't memorise any spells.
You knew the following spells:

 Your Spells              Type           Power      Damage    Failure   Level
a - Foxfire               Conj/Fire      60%        2x1d7     4%          1
b - Scorch                Fire           30%        2d7       6%          2
c - Conjure Flame         Conj/Fire      15%        6-21      12%         3
d - Inner Flame           Hex/Fire       15%        N/A       12%         3
e - Flame Wave            Conj/Fire      15%        2d6       36%         4
f - Freeze                Ice            60%        1d8       4%          1
Your spell library was empty.

Dungeon Overview and Level Annotations

Branches:
Dungeon (3/15)

Altars:
Zin


Innate Abilities, Weirdness & Mutations

You are immune to sickness and miasma.
You are immune to poison.
Your flesh is very heat resistant. (rF++)
You are vulnerable to cold. (rC-)
You float through the air rather than walking.
You learn spells naturally, not from books.
Your magical power is your life essence.
You have superior vitality. (+4 MHP)


Message History

Casting: Foxfire (safe; 4% risk of failure)
Confirm with . or Enter, or press ? or * to list all spells.
You miscast Scorch.
Nothing appears to happen.
The foxfire hits the orc.
The orc is severely wounded.
The foxfire hits the orc but does no damage.
The orc is severely wounded.
The foxfire hits the orc but does no damage.
The orc is severely wounded.
Casting: Scorch (safe; 6% risk of failure)
Confirm with . or Enter, or press ? or * to list all spells.
Flames lash the orc.
The orc is almost dead.
The orc's fire resistance burns away.
You are too injured to fight recklessly!
Casting: Scorch (safe; 6% risk of failure)
Confirm with . or Enter, or press ? or * to list all spells.
Flames lash the orc.
The orc is almost dead.
The orc's fire resistance burns away.
The orc barely misses you.
The orc is no longer more vulnerable to fire.
Your magical contamination has completely faded away.
You see here a +0 whip.
Casting: Foxfire (safe; 4% risk of failure)
Press: ? - help, Q - select action, (/) - cycle Dir - look around, f - activate You conjure some foxfire!
The foxfire hits the orc.
The orc is almost dead.
The foxfire hits the orc.
You kill the orc!
The orc hits you with a +0 flail.
* * * LOW HITPOINT WARNING * * *
A kobold comes into view. It is wielding a +0 club.
A bat comes into view.
The kobold shouts!
The bat barely misses you. The bat barely misses you.
The bat barely misses you.
There is a stone staircase leading up here.
The orc hits you with a +0 flail!
You die...

#.#.#######.####### #.#
#.#....#b.........#.#######.#
##.###o##.##.#.....#.........#
.......##.####..###########..#
...#.#.##...o.Kb........# #..#
.#......#.########....#.# #..#
...#.####.#......b......###..#
.#.#o######..#..o............#
# #........ #..@[.......##.##
.)).....##.. #.###.#.#.......#
##......# ...#.....#....#######
........##....................#
+#..)...##.#.#........#.#.#####
.......# #.#.#......#.#.#
........# #...#.#..#.#.#
........# #..##.#..#...# ....
..#..#####


You could see an orc and a bat.

Vanquished Creatures
  2 adders
  A dart slug (D:2)
  4 orcs (D:3)
  2 endoplasms
  2 giant cockroaches
  2 goblins
  A hobgoblin (D:2)
  4 jackals (D:3)
  A ball python (D:2)
  3 rats
22 creatures vanquished.

Vanquished Creatures (others)
  121 foxfires
121 creatures vanquished.

Grand Total: 143 creatures vanquished

Notes
Turn   | Place    | Note
-------+----------+-------------------------------------------
     0 | D:1      | 101zpm the Djinni Fire Elementalist began the quest for the
                  | Orb.
     0 | D:1      | Reached XP level 1. HP: 15/15 MP: 0/0
     2 | D:2      | Found a glowing silver altar of Zin.
   329 | D:2      | Reached XP level 2. HP: 17/21 MP: 0/0
   703 | D:2      | Reached skill level 3 in Spellcasting
   827 | D:3      | Reached XP level 3. HP: 22/25 MP: 0/0
   827 | D:3      | Learned a level 1 spell: Freeze
  1427 | D:3      | Slain by an orc

Illustrated notes

Levels and vault maps discovered:
D:1:      dpeg_arrival_tiny_i, layout_loops_ring, minmay_misc_feat_hallway
D:2:      minmay_chambers_of_ones, layout_basic, basic_altar
D:3:      layout_basic, serial_bayou_pond_e, corexii_corridor_pit

Skill      XL: |  1  2 |
---------------+-------+-----
Spellcasting   | 3 |  3.3
Dodging        | |  2.5
Stealth        | |  1.9

Action                   || total
-------------------------++-------
Melee: Unarmed           ||     1
 Cast: Foxfire           ||    73
       Freeze            ||     8
       Scorch            ||     2
Armor: Robe              ||     3
Dodge: Dodged            ||    11
